Map: Agria Valley

Players

A.I. 1 (Harder)

  • Race: Zerg Zerg
  • Spawn Location: 11:00

NamroodTuo - Winner!

  • Race: Zerg Zerg

VOD

Have the link to the VOD?

Description

Time

  • Played on: Jan. 10, 2023, 6:53 a.m.
  • Length: 7:27
Show
View Real Time Build Order
Export as new Build Order

A.I. 1 (Harder) Zerg 

Build Orders: 1 Base Baneling Bust, Pool Only 

Get SALT Encoding   

  12  0:01  Drone  
  12  0:03  Unknown  
  13  0:12  Overlord  
  13  0:18  Drone  
  14  0:30  Drone  
  14  0:32  Drone  
  16  0:42  Spawning Pool  
  15  0:45  Drone  
  15  0:49  Drone  
  17  0:52  Extractor  
  17  0:54  Drone  
  17  1:04  Overlord  
  17  1:16  Zergling x2  
  18  1:28  Zergling x2  
  19  1:36  Drone  
  19  1:38  Queen, Baneling Nest  
  19  1:47  Drone  
  19  1:49  Roach Warren  
  21  1:55  Extractor  
  21  1:58  Drone  
  21  2:08  Drone  
  22  2:19  Zergling x2  
  23  2:30  Drone  
  24  2:40  Overlord  
  24  2:48  Drone, Zergling x2  
  26  2:52  Zergling x2  
  26  2:55  Zergling x2  
  28  2:59  Zergling x2  
  28  3:02  Zergling x2  
  30  3:13  Zergling x2  
  30  3:14  Evolution Chamber  
  30  3:16  Overlord  
  30  3:17  Drone, Zergling x2  
  32  3:20  Zergling x2  
  32  3:23  Drone  
  28  3:34  Zergling x2  
  27  3:45  Zergling x2  
  28  3:48  Zergling x2  
  28  3:52  Zergling x2  
  30  3:56  Zergling x2  
  30  3:59  Zergling x2  
  28  4:03  Zergling x2  
  28  4:06  Zergling x2  
  30  4:14  Zergling x2  
  29  4:17  Zergling x2  
  29  4:21  Roach  
  30  4:25  Zergling x2  
  30  4:29  Roach  
  32  4:32  Zergling x2  
  33  4:38  Zergling x2  
  33  4:43  Zergling x2  
  32  4:46  Zergling x2  
  32  4:50  Zergling x2  
  33  4:53  Zergling x2  
  33  4:57  Zergling x2  
  32  5:01  Zergling x2  
  30  5:10  Zergling x2  
  28  5:21  Zergling x2  
  28  5:25  Queen  
  28  5:32  Zergling x2  
  22  5:43  Zergling x2  
  18  5:53  Roach  
  20  5:57  Queen  
  20  6:02  Evolution Chamber  
  16  6:04  Drone  
  14  6:15  Drone  
  5  6:26  Drone  
  4  6:37  Drone  
  3  6:47  Drone  
Show
View Real Time Build Order
Export as new Build Order

NamroodTuo Zerg - Winner!

Build Orders:  

Get SALT Encoding   

  12  0:00  Unknown x2  
  12  0:01  Unknown  
  13  0:10  Unknown  
  13  0:13  Unknown  
  14  0:15  Unknown  
  15  0:22  Unknown  
  15  0:27  Unknown x2  
  15  0:35  Unknown  
  15  0:52  Unknown  
  15  0:53  Unknown  
  15  0:54  Unknown x2  
  17  1:06  Unknown x2  
  17  1:10  Unknown x2  
  18  1:14  Unknown  
  19  1:22  Unknown  
  19  1:27  Unknown  
  19  1:28  Unknown  
  19  1:30  Unknown  
  19  1:34  Unknown  
  19  1:35  Unknown  
  19  1:38  Unknown  
  20  1:42  Unknown  
  20  1:47  Unknown x2  
  20  1:49  Unknown  
  20  1:59  Unknown  
  20  2:03  Unknown x2  
  20  2:05  Unknown  
  20  2:08  Unknown x7  
  20  2:09  Unknown x2  
  21  2:17  Unknown  
  21  2:19  Unknown  
  21  2:21  Unknown x2  
  21  2:22  Unknown  
  21  2:30  Unknown x9  
  21  2:36  Unknown  
  22  2:37  Unknown x3  
  22  2:42  Unknown  
  24  2:48  Unknown  
  24  2:49  Unknown x2  
  24  2:51  Unknown x16  
  24  2:57  Unknown  
  27  3:13  Unknown x16  
  27  3:29  Unknown x6  
  27  3:34  Unknown x16  
  27  3:35  Unknown  
  27  3:37  Unknown  
  27  3:46  Unknown  
  27  3:47  Unknown  
  27  3:55  Unknown x6  
  27  3:56  Unknown x11  
  27  4:03  Unknown  
  27  4:07  Unknown  
  31  4:17  Unknown x16  
  31  4:21  Unknown  
  31  4:38  Unknown x15  
  31  4:39  Unknown x4  
  31  4:40  Unknown x6  
  31  4:41  Unknown  
  31  4:48  Unknown  
  35  4:53  Unknown  
  35  4:55  Unknown x2  
  35  4:57  Unknown  
  35  5:00  Unknown x32  
  35  5:12  Unknown x2  
  35  5:13  Unknown x3  
  39  5:14  Unknown x2  
  40  5:21  Unknown x35  
  40  5:23  Unknown  
  40  5:24  Unknown  
  40  5:25  Unknown x8  
  40  5:26  Unknown x2  
  40  5:29  Unknown  
  40  5:31  Unknown x15  
  40  5:32  Unknown x2  
  40  5:33  Unknown x3  
  40  5:34  Unknown x3  
  40  5:35  Unknown x5  
  40  5:36  Unknown x7  
  40  5:37  Unknown x6  
  40  5:38  Unknown x2  
  40  5:39  Unknown x10  
  40  5:40  Unknown x3  
  40  5:41  Unknown x6  
  40  5:42  Unknown x10  
  40  5:43  Unknown x31  
  40  5:44  Unknown  
  40  5:45  Unknown x4  
  40  5:46  Unknown  
  40  5:47  Unknown x2  
  40  5:48  Unknown  
  40  5:49  Unknown x3  
  40  5:50  Unknown x2  
  40  5:55  Unknown x2  
  40  5:56  Unknown x6  
  40  5:57  Unknown x7  
  40  5:58  Unknown x4  
  40  5:59  Unknown x5  
  40  6:00  Unknown x7  
  40  6:02  Unknown x4  
  40  6:03  Unknown x5  
  40  6:04  Unknown x38  
  40  6:05  Unknown x4  
  40  6:06  Unknown  
  40  6:07  Unknown x14  
  40  6:08  Unknown x16  
  40  6:09  Unknown x13  
  40  6:10  Unknown x3  
  40  6:11  Unknown x5  
  44  6:12  Unknown x10  
  44  6:13  Unknown x13  
  44  6:14  Unknown x9  
  44  6:15  Unknown x8  
  44  6:16  Unknown x6  
  44  6:17  Unknown x6  
  44  6:18  Unknown x13  
  44  6:19  Unknown x8  
  44  6:20  Unknown x11  
  44  6:21  Unknown x12  
  44  6:22  Unknown x6  
  44  6:23  Unknown x11  
  44  6:24  Unknown x8  
  44  6:25  Unknown x22  
  44  6:26  Unknown x25  
  44  6:27  Unknown x2  
  44  6:28  Unknown x2  
  44  6:29  Unknown x2  
  44  6:31  Unknown x6  
  44  6:32  Unknown x13  
  44  6:33  Unknown x3  
  44  6:34  Unknown x6  
  44  6:35  Unknown x5  
  44  6:36  Unknown x3  
  44  6:38  Unknown  
  44  6:40  Unknown x2  
  44  6:41  Unknown x10  
  44  6:42  Unknown  
  44  6:43  Unknown x11  
  44  6:44  Unknown x9  
  44  6:45  Unknown x11  
  44  6:46  Unknown x4  
  55  6:47  Unknown x35  
  55  6:50  Unknown x3  
  55  6:51  Unknown x10  
  55  6:52  Unknown x5  
  55  6:53  Unknown x7  
  55  6:54  Unknown x18  
  55  6:55  Unknown x8  
  55  6:56  Unknown x2  
  55  6:57  Unknown x2  
  55  6:58  Unknown  
  55  6:59  Unknown x9  
  55  7:00  Unknown x16  
  55  7:01  Unknown x13  
  55  7:02  Unknown x6  
  55  7:03  Unknown x5  
  55  7:05  Unknown x19  
  55  7:06  Unknown x4  
  55  7:07  Unknown x4  
  55  7:08  Unknown x38  
  55  7:09  Unknown x12  
  55  7:10  Unknown x8  
  55  7:12  Unknown  
  55  7:13  Unknown x16  
  55  7:14  Unknown x10  
  55  7:15  Unknown x5  
  55  7:16  Unknown x18  
  55  7:17  Unknown x5  
  55  7:18  Unknown x8  
  55  7:19  Unknown x13  
  55  7:25  Unknown  
Tags
 
Add a new tag
Caveats
  • Supply blocks, unpowered buildings, or Contaminate may cause inaccurate times.
  • Supply counts are checked every 10 seconds.